 Dungeon Crawl Stone Soup version 0.26-a0-712-ga5a9c9c9d0 (webtiles) character file.

Game seed: 4702256624977712111

1845 gbos the Geomancer (level 9, -1/52 HPs)
             Began as a Gargoyle Earth Elementalist on Nov 11, 2020.
             Was an Initiate of Ashenzari.
             Splashed by Joseph's acid (10 damage)
             ... on level 7 of the Dungeon.
             The game lasted 00:13:24 (7864 turns).

gbos the Geomancer (Gargoyle Earth Elementalist)    Turns: 7864, Time: 00:13:24

Health: -1/52      AC: 14    Str: 13    XL:     9   Next: 12%
Magic:  1/12       EV: 10    Int: 18    God:    Ashenzari [......]
Gold:   439        SH:  3    Dex: 10    Spells: 6/12 levels left

rFire    . . .     SeeInvis +   B - +3 spear
rCold    . . .     Faith    .   k - +0 buckler
rNeg     + . .     Spirit   .   i - +0 ring mail
rPois    ∞         Reflect  .   j - +2 hat {SInv}
rElec    +         Harm     .   (no cloak)
rCorr    .         Rampage  .   (no gloves)
MR       .....                  (no boots)
Stlth    +.........             (no amulet)
HPRegen  0.17/turn              t - ring of wizardry
MPRegen  0.13/turn              n - ring of wizardry

@: no status effects
A: reduced essence, negative energy resistance 1, electricity resistance,
unbreathing, petrification resistance, rot immunity, AC +6
a: Curse Item, Renounce Religion


You were on level 7 of the Dungeon.
You worshipped Ashenzari.
Ashenzari was noncommittal.
You visited 2 branches of the dungeon, and saw 8 of its levels.
You also visited: Ossuary.

You collected 439 gold pieces.


Innate Abilities, Weirdness & Mutations

You are resistant to torment.
Your stone body is resilient. (AC +6)
You are immune to poison.
You resist negative energy. (rN+)
You are resistant to electric shocks. (rElec)
You can survive without breathing.
You are immune to petrification.
You are immune to rotting.
Your life essence is reduced to manifest your ancestor. (-10% HP)


   Skills:
 + Level 7.7 Fighting
 - Level 4.0 Armour
 - Level 1.5 Dodging
 - Level 2.1 Stealth
 * Level 0.0 Shields
 - Level 2.0 Spellcasting
 - Level 4.0 Conjurations
 - Level 0.7 Transmutations
 + Level 9.3 Earth Magic


You had 6 spell levels left.
You knew the following spells:

 Your Spells              Type           Power        Failure   Level
x - Stone Arrow           Conj/Erth      ####..       3%          3
z - Sandblast             Erth           #####.       1%          1
N - Passwall              Tmut/Erth      ###.....     3%          2

Your spell library contained the following spells:

 Spells                   Type           Power        Failure   Level
 Shock                    Conj/Air       #...         7%          1
 Lee's Rapid Deconstruct  Erth           #####.....   11%         5
 Petrify                  Tmut/Erth      ###.....     21%         4

Inventory:

Hand Weapons
 z - a +3 mace
 B - a +3 spear (weapon)
Missiles
 b - 132 stones (quivered)
 m - 5 javelins
Armour
 i - a +0 ring mail (worn)
 j - a +2 hat of see invisible (worn)
 k - a +0 buckler (worn)
Jewellery
 n - a ring of wizardry (right hand)
 t - a ring of wizardry (left hand)
 y - an uncursed ring of stealth
Wands
 r - a wand of polymorph (6)
 s - a wand of random effects (10)
 w - a wand of enslavement (17)
Scrolls
 a - a scroll of enchant weapon {unknown}
 f - 6 scrolls of remove curse
 l - 3 scrolls of teleportation {unknown}
 p - 2 scrolls of amnesia {unknown}
 v - a scroll of fog
Potions
 d - a potion of mutation {unknown}
 e - 3 potions of lignification {!q}
 g - 2 potions of stabbing
 o - a potion of invisibility {unknown}
 u - 3 potions of curing {@q1}
 A - a potion of ambrosia {unknown}
 C - a potion of degeneration {unknown}
 D - 3 potions of might
 E - a potion of haste {unknown}
 F - a potion of berserk rage {unknown}

Dungeon Overview and Level Annotations

Branches:
Dungeon (7/15)             Temple (1/1) D:6         Ossuary (visited)

Altars:
Ashenzari
Cheibriados
Elyvilon
Fedhas
Gozag
Hepliaklqana
Kikubaaqudgha
Makhleb
Nemelex Xobeh
Okawaru
Qazlal
Ru
Sif Muna
Trog
Uskayaw
Vehumet
Wu Jian
Xom
Zin
The Shining One
Beogh

Shops:
D:4 :

Annotations:
D:3 3 runed translucent doors, Verendum's ghost, amateur OpAK
D:7 Joseph

▒▒..▒ ▒▒..▒ ▒...▒
▒▒.▒▒ ▒ ▒▒▒ ▒. ▒▒▒
▒..▒▒ ▒▒.▒▒
▒...▒▒▒▒...▒▒▒▒
▒...8((((((...▒▒▒▒▒
▒..@........▒▒▒▒..▒▒
▒..▒▒▒......▒▒ ▒▒..▒
▒..
▒▒▒.....▒▒▒▒▒▒.▒▒
... ▒..▒▒....▒▒▒..▒
▒. ▒.▒▒▒▒.▒..▒▒▒.. ▒
▒.▒ ▒.......▒.. ..▒
▒._.....▒▒▒ .
▒.........▒▒


You could see Joseph.


Message History

* * * LOW MAGIC WARNING * * *
Joseph zaps a wand.
The bolt of acid hits you!
* * * LOW HITPOINT WARNING * * *
You are splashed with acid!
* * * LOW HITPOINT WARNING * * *
Aiming: Sandblast (safe; 1% risk of failure)
Aim: Joseph, wielding a +0 hunting sling, wearing a +3 leather armour of magic resistance, quivering 21 sling bullets and carrying a wand of acid (3)
The blast of sand hits Joseph but does no damage.
b - 132 stones
* * * LOW MAGIC WARNING * * *
Joseph unwields a +0 hunting sling.
Joseph wields a +0 quarterstaff.
Joseph hits you but does no damage.
Joseph shouts, "I love to fight!
I love killing!"
Joseph barely misses you.
You hit Joseph.
Joseph is lightly wounded.
Joseph zaps a wand.
The bolt of acid misses you.
You closely miss Joseph.
Joseph is lightly wounded.
Joseph hits you but does no damage.
You hit Joseph.
Joseph is lightly wounded.
Joseph zaps a wand.
The bolt of acid hits you!!
* * * LOW HITPOINT WARNING * * *
You are splashed with acid!
You die...

Action                   |  1- 3 |  4- 6 |  7- 9 || total
-------------------------+-------+-------+-------++-------
Melee: Unarmed           |    12 |       |       ||    12
       Dagger            |    77 |       |       ||    77
       Short sword       |     6 |   103 |   125 ||   234
       Spear             |       |       |   103 ||   103
       Flail             |       |       |    19 ||    19
       Mace              |       |       |    14 ||    14
 Cast: Sandblast         |    31 |    58 |   113 ||   202
       Stone Arrow       |       |       |    13 ||    13
Invok: Ancestor Identity |       |       |     1 ||     1
Evoke: Wand              |       |     3 |       ||     3
  Use: Scroll            |       |       |    12 ||    12
       Potion            |       |       |     2 ||     2
 Stab: Sleeping          |     1 |       |       ||     1
       Distracted        |       |       |     1 ||     1
Armor: Robe              |    23 |       |       ||    23
       Ring mail         |    18 |    98 |   219 ||   335
Dodge: Dodged            |    58 |    80 |   194 ||   332
Block: Buckler           |       |    19 |    49 ||    68

Levels and vault maps discovered:
D:1:      nzn_arrival_settlement, layout_loops_ring, st_stairs_14
D:2:      layout_basic
D:3:      minmay_spotlight, layout_rooms, nicolae_ashenzari_panopticon,
          lemuel_round_altar, biasface_ghost_orc_armoury, hex_medium
D:4:      layout_cave_pools, kennysheep_little_box, serial_shops, shop,
          nrook_uturn
D:5:      layout_basic, led_sif_book, nicolae_ossuary_entry_ruins, st_stairs_6,
          kennysheep_pointless_box, minmay_misc_feat_more_columns
D:6:      layout_loops_cross, minmay_temple_entry_statues_fountains
D:7:      layout_layer_cave, nicolae_xom_altar_mimics, uniq_maggie, uniq_joseph,
          uniq_prince_ribbit1
Temple:   eino_temple_scatter_basement

Notes
Turn   | Place    | Note
-------+----------+-------------------------------------------
     0 | D:1      | gbos the Gargoyle Earth Elementalist began the quest for
                  | the Orb.
     0 | D:1      | Reached XP level 1. HP: 10/10 MP: 3/3
   163 | D:1      | Reached skill level 1 in Fighting
   217 | D:1      | Reached XP level 2. HP: 14/16 MP: 5/5
   220 | D:1      | Reached skill level 4 in Earth Magic
  1163 | D:2      | Reached XP level 3. HP: 21/21 MP: 6/6
  1284 | D:2      | Reached skill level 2 in Fighting
  1739 | D:3      | Found a snail-covered altar of Cheibriados.
  1881 | D:3      | Learned a level 2 spell: Passwall
  1902 | D:3      | Found a runed translucent gate.
  1902 | D:3      | Found a runed translucent gate.
  1902 | D:3      | Found a runed translucent gate.
  1908 | D:3      | Noticed Verendum's ghost (amateur OpAK)
  1955 | D:3      | Reached skill level 1 in Armour
  1955 | D:3      | Reached XP level 4. HP: 27/27 MP: 3/7
  2032 | D:3      | Found a broken altar of Ashenzari.
  2292 | D:3      | Found a roughly hewn altar of Beogh.
  2532 | D:3      | Became a worshipper of Ashenzari the Shackled
  2649 | D:3      | Reached skill level 5 in Earth Magic
  2827 | D:3      | Reached skill level 3 in Fighting
  2827 | D:3      | Reached skill level 2 in Armour
  2827 | D:3      | Reached XP level 5. HP: 12/32 MP: 5/8
  2827 | D:3      | HP: 6/32 [shot self (6)]
  3115 | D:4      | Learned a level 3 spell: Stone Arrow
  3327 | D:4      | Reached XP level 6. HP: 22/37 MP: 1/9
  3347 | D:4      | HP: 11/37 [scorpion (6)]
  3358 | D:4      | Reached skill level 3 in Armour
  3803 | D:4      | Found a glowing silver altar of Zin.
  3855 | D:4      | Found Fampibifyg's Book Shop.
  3990 | D:4      | Reached skill level 4 in Fighting
  4173 | D:5      | Entered Level 5 of the Dungeon
  4240 | D:5      | Reached * piety under Ashenzari
  4249 | D:5      | Noticed a water moccasin
  4258 | D:5      | Killed a water moccasin
  4258 | D:5      | Reached skill level 6 in Earth Magic
  4258 | D:5      | Reached XP level 7. HP: 39/44 MP: 3/10
  4285 | D:5      | Found a sand-covered staircase.
  4327 | Ossuary  | Entered an ossuary
  4337 | Ossuary  | Reached skill level 4 in Armour
  4992 | D:5      | Reached skill level 5 in Fighting
  5067 | D:5      | Reached skill level 7 in Earth Magic
  5280 | D:5      | Found a shimmering blue altar of Sif Muna.
  5291 | D:5      | Reached skill level 1 in Conjurations
  5343 | D:5      | Identified Sif Muna's Tome of Lightness
  5350 | D:6      | Reached XP level 8. HP: 45/51 MP: 7/11
  5373 | D:6      | Reached skill level 2 in Conjurations
  5569 | D:5      | Reached skill level 6 in Fighting
  5807 | D:5      | Reached skill level 8 in Earth Magic
  6098 | D:6      | Reached skill level 3 in Conjurations
  6359 | D:6      | Found a staircase to the Ecumenical Temple.
  6425 | D:6      | Reached skill level 4 in Conjurations
  6434 | Temple   | Entered the Ecumenical Temple
  6647 | Temple   | Fell from the grace of Ashenzari
  6647 | Temple   | Became a worshipper of Hepliaklqana the Forgotten
  6662 | D:6      | Reached skill level 7 in Fighting
  6843 | D:6      | Reached skill level 9 in Earth Magic
  6843 | D:6      | Reached XP level 9. HP: 50/51 MP: 12/12
  7369 | D:3      | Fell from the grace of Hepliaklqana
  7369 | D:3      | Became a worshipper of Ashenzari the Shackled
  7755 | D:7      | Found a shimmering altar of Xom.
  7757 | D:7      | Found a shimmering altar of Xom.
  7757 | D:7      | Found a shimmering altar of Xom.
  7757 | D:7      | Found a shimmering altar of Xom.
  7758 | D:7      | Found a shimmering altar of Xom.
  7758 | D:7      | Found a shimmering altar of Xom.
  7830 | D:7      | Found a shimmering altar of Xom.
  7844 | D:7      | Noticed Prince Ribbit
  7849 | D:7      | Killed Prince Ribbit
  7850 | D:7      | Noticed Joseph
  7854 | D:7      | HP: 8/52 [acid (13)]
  7859 | D:7      | HP: 11/52 [acid (10)]
  7864 | D:7      | HP: 9/52 [Joseph/bolt of acid (23)]
  7864 | D:7      | Splashed by Joseph's acid

Vanquished Creatures
  Prince Ribbit (D:7)
  A water moccasin (D:5)
  An ice beast (D:5)
  An ogre (D:6)
  3 centaurs
  4 bullfrogs
  A scorpion (D:4)
  4 wights (D:6)
  A howler monkey (D:4)
  A bullfrog zombie (D:5)
  3 hounds
  A jelly (D:6)
  2 orc priests
  3 centaur skeletons
  8 orc wizards
  A human zombie (Ossuary)
  2 iguanas
  5 worker ants
  A big kobold zombie (Ossuary)
  3 mummies (Ossuary)
  5 adders
  2 ufetubi
  3 adder zombies
  2 worms
  2 dart slugs
  7 leopard geckos
  20 orcs
  A ball python (D:2)
  2 bats
  4 giant cockroaches
  2 goblins
  8 hobgoblins
  7 jackals
  8 kobolds
  A quokka (D:4)
  10 frilled lizards
  A gnoll zombie (Ossuary)
  3 goblin zombies (Ossuary)
  A hobgoblin zombie (Ossuary)
  A jackal zombie (D:5)
  5 kobold zombies (Ossuary)
  3 quokka zombies
  5 rats
  2 rat zombies (Ossuary)
152 creatures vanquished.

Vanquished Creatures (collateral kills)
  A wight (D:6)
  A bullfrog skeleton (D:6)
  A leopard gecko skeleton (D:6)
3 creatures vanquished.

Grand Total: 155 creatures vanquished
